 Dungeon Crawl Stone Soup version 0.31.0-12-g77e489cdc1 (webtiles) character file.

Game seed: 7613022134355460613

2112 Marvel the Protected (level 9, -1/79 HPs)
             Began as a Hill Orc Fighter on Feb 12, 2024.
             Was an Initiate of Elyvilon.
             Slain by a killer bee (5 damage)
             ... on level 8 of the Dungeon.
             The game lasted 00:13:06 (5545 turns).

Marvel the Protected (Hill Orc Fighter)             Turns: 5545, Time: 00:13:06

Health: -1/79      AC:  9    Str: 23    XL:     9   Next: 28%
Magic:  18/18      EV:  9    Int:  8    God:    Elyvilon [......]
Gold:   354        SH:  5    Dex: 10    Spells: 8/8 levels left

rFire   . . .        m - +1 hand axe (venom)
rCold   . . .        c - +0 buckler
rNeg    . . .        b - +0 scale mail
rPois   .            (no helmet)
rElec   .            (no cloak)
rCorr   .            (no gloves)
SInv    .            w - +0 pair of boots
Will    +....        (no amulet) Stlth
                     z - ring of Tulari {Will+ MP+9}
HPRegen 0.33/turn    (no ring)
MPRegen 0.16/turn

%: no passive effects
@: lethally poisoned (-1 -> -27), about to teleport, studying Staves
A: no striking features
a: Renounce Religion


You were on level 8 of the Dungeon.
You worshipped Elyvilon.
Elyvilon was noncommittal.
You visited 1 branch of the dungeon, and saw 7 of its levels.

You collected 354 gold pieces.

Inventory:

Hand Weapons
 a - a +0 war axe
 m - a +1 hand axe of venom (weapon)
 n - a +0 spear of venom
Missiles
 g - 78 stones
 y - 6 poisoned darts (quivered)
Armour
 b - a +0 scale mail (worn)
 c - a +0 buckler (worn)
 w - a +0 pair of boots (worn)
Jewellery
 z - the ring of Tulari (left hand) {Will+ MP+9}
   (You found it on level 4 of the Dungeon)

   [ring of magical power]

   Will+:     It increases your willpower.
   MP+9:      It affects your magic capacity (+9).
Wands
 u - a wand of quicksilver (4)
 A - a wand of paralysis (5)
 B - a wand of flame (29)
Scrolls
 e - a scroll of teleportation
 h - a scroll of revelation
 j - a scroll of blinking
 o - a scroll of vulnerability
Potions
 d - a potion of might
 i - a potion of haste {unknown}
 k - a potion of degeneration {unknown}
 l - a potion of invisibility {unknown}
 p - 2 potions of magic
 q - a potion of cancellation {unknown}
 s - 2 potions of heal wounds {unknown}
 t - a potion of mutation {unknown}
 v - 2 potions of enlightenment {unknown}


   Skills:
 + Level 7.5 Fighting
 * Level 7.4 Axes
 + Level 1.0 Throwing
 + Level 9.2 Armour
 + Level 6.0 Shields


You had 8 spell levels left.
You didn't know any spells.
Your spell library contained the following spells:

 Spells                   Type           Power      Damage    Failure   Level
 Kiss of Death            Conj/Necr      0%         2d5       75%         1
 Cigotuvi's Dreadful Rot  Necr/Alch/Air  0%         N/A       86%         2
 Ignite Poison            Fire/Alch      0%         N/A       100%        4
 Iskenderun's Mystic Bla  Conj/Tloc      0%         2d3       100%        4
 Freezing Cloud           Conj/Ice/Air   0%         6-21      100%        5
 Metabolic Englaciation   Hex/Ice        0%         N/A       100%        5
 Bombard                  Conj/Erth      0%         9d1       100%        6


Dungeon Overview and Level Annotations

Branches:
Dungeon (6/15)
 Temple: D:4-7

Altars:
Elyvilon
Hepliaklqana
Makhleb
Trog
Xom

Annotations:
D:4 2 runed translucent doors
D:8 Pikel


Message History

The killer bee closely misses you.
The killer bee stings you but does no damage. x2
You closely miss the killer bee. You miss the killer bee.
You hit the killer bee but do no damage.
The killer bee is poisoned.
You hit the killer bee.
The killer bee is poisoned.
You feel very sick.
The killer bee stings you but does no damage.
The killer bee stings you.
The killer bee stings you but does no damage.
The killer bee stings you.
You are more poisoned.
The killer bee poisons you! The killer bee stings you.
The killer bee barely misses you.
You miss the killer bee.
The killer bee is moderately wounded.
You hit the killer bee.
The killer bee is poisoned.
You hit the killer bee.
The killer bee looks as sick as possible!
You closely miss the killer bee.
You feel very sick. You block the killer bee's attack.
The killer bee stings you but does no damage.
You block the killer bee's attack. The killer bee stings you.
The killer bee completely misses you. The killer bee closely misses you.
The killer bee stings you!
* * * LOW HITPOINT WARNING * * *
You are more poisoned.
The killer bee poisons you!
You barely miss the killer bee.
The killer bee is severely wounded.
You hit the lemure but do no damage. You closely miss the killer bee.
You hit the killer bee.
The killer bee looks as sick as possible!
You hit the killer bee.
* * * LOW HITPOINT WARNING * * *
You feel very sick.
You kill the killer bee!
The killer bee stings you!
* * * LOW HITPOINT WARNING * * *
The killer bee barely misses you. The killer bee stings you.
You die...

##.#######
##.####
#########
.#†#..#
........#
..#...#
........#
##.####
........# #
#.#k#
........##
.##. ##.##
..$......
).... #.k
........##...#
...
......yy@....#
..h
.......yy5...#
...
..........K..#
...
##+#.#.....5.#
...
#.#.......# #
#......5).
#.#####.... #.
....


You could see Pikel, 3 lemures and 4 killer bees.

Vanquished Creatures
  Sigmund (D:4)
  2 wyverns
  Eustachio (D:5)
  Menkaure (D:5)
  2 water moccasins
  2 ogres
  A phantom (D:4)
  3 bullfrogs (D:4)
  5 scorpions
  A killer bee (D:8)
  A bombardier beetle (D:4)
  2 jellies
  3 hounds
  An orc priest (D:3)
  An iguana (D:4)
  A sleepcap (D:5)
  Robin (D:2)
  7 adders
  3 ribbon worms
  A dart slug (D:2)
  18 orcs
  4 endoplasms
  5 giant cockroaches
  7 hobgoblins
  5 jackals
  3 quokkas
  12 ball pythons
  5 bats
  2 frilled lizards
  23 goblins
  10 kobolds
  8 rats
142 creatures vanquished.

Notes
Turn   | Place    | Note
-------+----------+-------------------------------------------
     0 | D:1      | Marvel the Hill Orc Fighter began the quest for the Orb.
     0 | D:1      | Reached XP level 1. HP: 19/19 MP: 1/1
   263 | D:1      | Reached XP level 2. HP: 26/27 MP: 2/2
   600 | D:1      | Reached XP level 3. HP: 21/33 MP: 3/3
  1199 | D:2      | Noticed Robin
  1241 | D:2      | Killed Robin
  1242 | D:2      | Reached XP level 4. HP: 29/40 MP: 4/4
  1934 | D:3      | Reached skill level 4 in Armour
  2047 | D:3      | Found a hazy altar of Hepliaklqana.
  2122 | D:3      | Reached XP level 5. HP: 40/47 MP: 5/5
  2652 | D:4      | Reached XP level 6. HP: 48/55 MP: 6/6
  2797 | D:4      | Reached skill level 5 in Fighting
  2849 | D:4      | Reached skill level 5 in Armour
  2894 | D:4      | Found a shimmering altar of Xom.
  2916 | D:4      | Found a large runed translucent door.
  2916 | D:4      | Found a large runed translucent door.
  2916 | D:4      | Noticed Sigmund
  2964 | D:5      | Entered Level 5 of the Dungeon
  3013 | D:5      | Noticed Eustachio
  3042 | D:4      | Reached XP level 7. HP: 61/61 MP: 7/7
  3063 | D:4      | Killed Sigmund
  3064 | D:4      | Reached skill level 6 in Armour
  3204 | D:4      | Found a large runed translucent door.
  3204 | D:4      | Found a large runed translucent door.
  3297 | D:4      | Noticed a wyvern
  3305 | D:4      | Killed a wyvern
  3306 | D:4      | Reached skill level 7 in Armour
  3306 | D:4      | Reached skill level 5 in Shields
  3400 | D:4      | Identified the ring of Tulari {Will+ MP+9}
  3664 | D:4      | Reached XP level 8. HP: 71/71 MP: 8/8
  3975 | D:4      | Reached skill level 8 in Armour
  4053 | D:4      | Got Debiolih's Secrets of Malediction and Attacks
  4124 | D:5      | Found a burning altar of Makhleb.
  4145 | D:5      | Noticed Menkaure
  4152 | D:5      | Killed Menkaure
  4153 | D:5      | Reached skill level 5 in Axes
  4581 | D:5      | Killed Eustachio
  4731 | D:5      | Reached XP level 9. HP: 63/79 MP: 9/9
  4896 | D:5      | Reached skill level 9 in Armour
  4906 | D:5      | Found a bloodstained altar of Trog.
  5008 | D:5      | Found a white marble altar of Elyvilon.
  5016 | D:5      | Became a worshipper of Elyvilon the Healer
  5278 | D:6      | You fall into a shaft and drop 2 floors!
  5316 | D:8      | Reached skill level 1 in Throwing
  5538 | D:8      | Noticed Pikel
  5545 | D:8      | Slain by a killer bee

Illustrated notes

Levels and vault maps discovered:
D:1:      dpeg_arrival_morbid_curiosity, layout_basic,
          chequers_serial_rivers_small_b
D:2:      layout_loops_ring, serial_co_window_serial,
          co_window_of_opportunity_a, co_window_paths_a, co_window_paths_a,
          co_window_of_opportunity_a, co_window_of_opportunity_a,
          co_window_of_opportunity_a, co_window_corner_a, co_window_corner_b,
          co_window_of_opportunity_b, co_window_paths_c,
          co_window_unsneaky_path_e, glass_columns_a, glass_columns_b,
          glass_columns_a, glass_columns_a, uniq_robin
D:3:      kennysheep_the_goblin_king, layout_rooms,
          nicolae_hepliaklqana_hazy_memory, hangedman_decor_slide_cut,
          st_stairs_7, kennysheep_generic_room_7
D:4:      layout_basic, lemuel_tele_altar, minmay_hollow_rounded_squares,
          uniq_sigmund
D:5:      layout_rooms, elyvilon_altar_4, mainiacjoe_overflow_alcove_2,
          mainiacjoe_overflow_brackets, grunt_decor_mini_mirrors,
          uniq_eustachio, uniq_menkaure
D:6:      layout_gridville
D:8:      layout_basic, nicolae_sif_muna_condensation, minmay_misc_feat_chi,
          wad_rectangle_vault, uniq_pikel

Skill      XL: |  1  2  3  4  5  6  7  8  9 |
---------------+----------------------------+-----
Fighting       | 4 5 6 7 |  7.5
Axes           | 3 4 6 7 |  7.4
Armour         | 4 5 7 8 9 |  9.2
Shields        | 4 5 6 |  6.0
Throwing       | 1 |  1.0

Action                     |  1- 3 |  4- 6 |  7- 9 || total
---------------------------+-------+-------+-------++-------
  Melee: War axe           |    78 |       |       ||    78
         Spear             |    47 |   182 |    94 ||   323
         Hand axe          |       |       |   124 ||   124
  Throw: Stone             |       |     2 |     2 ||     4
         Dart              |       |       |    10 ||    10
    Use: Scroll            |       |       |    10 ||    10
         Potion            |       |       |     4 ||     4
 Armour: Scale mail        |    73 |    97 |   193 ||   363
  Dodge: Dodged            |    43 |    59 |   101 ||   203
  Block: Buckler           |    24 |    31 |    49 ||   104
